 Dungeon Crawl Stone Soup version 0.16.2-2-g470672f (console) character file.

739 Orcus the Skirmisher (level 7, -1/70 HPs)
             Began as an Ogre Fire Elementalist on Aug 26, 2015.
             Was an Initiate of Okawaru.
             Slain by droidenko's ghost (16 damage)
             ... on level 5 of the Dungeon.
             The game lasted 00:14:41 (2985 turns).

Orcus the Skirmisher (Ogre Fire Elementalist)       Turns: 2985, Time: 00:14:41

Health: -1/70      AC:  4    Str: 19    XL:     7   Next: 75%
Magic:  17/17      EV: 10    Int: 16    God:    Okawaru [......]
Gold:   223        SH:  0    Dex: 10    Spells: 3 memorised, 6 levels left

rFire  . . .     SeeInvis .     x - +2 quarterstaff (chaos)
rCold  + . .     Clarity  .     a - +0 robe
rNeg   . . .     SustAb   .     (shield restricted)
rPois  .         Gourm    .     (helmet restricted)
rElec  .         Spirit   .     y - +0 cloak
rCorr  .         Warding  .     (gloves unavailable)
rMut   .         Stasis   .     (boots unavailable)
MR     .....                    (no amulet)
Stlth  +.........               (no ring)
                                o - ring of protection from cold

@: confused, mighty, not resistant to hostile enchantments, very unstealthy
A: unfitting armour, tough skin 1
a: Renounce Religion


You were on level 5 of the Dungeon.
You worshipped Okawaru.
Okawaru was noncommittal.
You were not hungry.

You visited 2 branches of the dungeon, and saw 6 of its levels.

You collected 223 gold pieces.

Inventory:

Hand weapons
 e - a +3 dagger
 i - a +0 club
 j - a +0 mace
 r - a +1 antimagic trident
 x - a +2 quarterstaff of chaos (weapon)
Missiles
 h - 23 stones (quivered)
 s - 8 curare-tipped needles
 w - 7 poisoned javelins
Armour
 a - a +0 robe (worn)
 y - a +0 cloak (worn)
Jewellery
 o - a ring of protection from cold (left hand)
Magical devices
 n - a wand of flame (16)
 D - a wand of random effects (6)
Scrolls
 d - 2 scrolls of amnesia {unknown}
 k - 3 scrolls of magic mapping
 l - 3 scrolls of fog {unknown}
 m - 2 scrolls of recharging {unknown}
 z - a scroll of identify
 C - a scroll of remove curse {unknown}
 E - a scroll of enchant armour {unknown}
Potions
 p - a potion of degeneration
 t - 2 potions of poison
 v - 2 potions of heal wounds {unknown}
Books
 b - a book of Flames

   Spells                             Type                      Level
   a - Flame Tongue                   Conjuration/Fire             1
   b - Throw Flame                    Conjuration/Fire             2
   c - Conjure Flame                  Conjuration/Fire             3
   d - Inner Flame                    Hexes/Fire                   3
   e - Sticky Flame                   Conjuration/Fire             4
   f - Fireball                       Conjuration/Fire             5
Comestibles
 c - 4 meat rations
 g - 3 bread rations
 A - a slice of pizza
 B - 2 chunks of flesh


   Skills:
 + Level 4.2 Fighting
 + Level 3.9 Maces & Flails
 + Level 2.1 Throwing
 + Level 3.4 Dodging
 - Level 1.5 Stealth
 + Level 4.0 Spellcasting
 + Level 2.1 Conjurations
 + Level 3.4 Fire Magic


You had 6 spell levels left.
You knew the following spells:

 Your Spells              Type           Power        Failure   Level  Hunger
a - Flame Tongue          Conj/Fire      ##...        8%          1    None
b - Conjure Flame         Conj/Fire      ##......     17%         3    ###....
c - Sticky Flame          Conj/Fire      ##......     63%         4    ####...


Dungeon Overview and Level Annotations

Branches:
Dungeon (5/15)             Temple (1/1) D:4

Altars:
Cheibriados
Dithmenos
Elyvilon
Fedhas
Gozag
Kikubaaqudgha
Makhleb
Nemelex Xobeh
Okawaru
Qazlal
Ru
Sif Muna
Trog
Vehumet
Xom
Yredelemnul
Zin
The Shining One

Shops:
D:4 [

Annotations:
D:5 droidenko's ghost, experienced MiFi


Innate Abilities, Weirdness & Mutations

You are too large for most types of armour.
You have tough skin (AC +1).


Message History

Unknown command.
Press: ? - help, v - describe, . - travel
Here: droidenko's ghost (lightly damaged, fast)
The floor.
Unknown command.
Read which item? (? for menu, Esc to quit)
Okay, then.
Drink which item? (? for menu, Esc to quit)
It was a potion of ambrosia.
You are confused.
You feel invigorated.
Droidenko's ghost says, "I was once a great warrior, and I still am!"
Droidenko's ghost hits you but does no damage.
Drink which item? (? for menu, Esc to quit)
Okay, then.
Unknown command.
You bump into the rock wall.
Droidenko's ghost hits you but does no damage.
Droidenko's ghost hits you!
You die...

.## #.### ..# #.#.# #.#
#####.#.###
..######.....#.#.!
#........###...#.#
#..............#.#
.##..####..#####.#
.##.## #.## #W#
.##.#####.# ###@#
.##.#...#.####...#
###.#.#...#....###
....#...###.########
.......(.†..# ##..##
............####....###
###.#.#.###..#........#
# #.#.#.. ##..........#
# #...##. #####....###


You could see droidenko's ghost.

Vanquished Creatures
  2 eyes of draining (D:3)
  An ogre (D:4)
  A phantom (D:5)
  A jelly (D:5)
  A worker ant (D:5)
  An iguana (D:4)
  Crazy Yiuf (D:3)
  An orc priest (D:4)
  A giant frog skeleton (D:4)
  Natasha (twice) (D:3)
  A gnoll (D:3)
  5 adders
  5 worms
  An adder skeleton (D:4)
  An ooze (D:1)
  3 giant geckos
  8 orcs
  7 giant cockroaches
  8 hobgoblins
  19 jackals
  A ball python (D:5)
  7 bats
  4 giant newts
  9 goblins
  7 kobolds
  A quokka skeleton (D:4)
  7 rats
106 creatures vanquished.

Notes
Turn   | Place    | Note
--------------------------------------------------------------
     0 | D:1      | Orcus, the Ogre Fire Elementalist, began the quest for the Orb.
     0 | D:1      | Reached XP level 1. HP: 16/16 MP: 3/3
   134 | D:1      | Reached skill level 1 in Fighting
   221 | D:1      | Reached XP level 2. HP: 17/27 MP: 3/5
   602 | D:2      | Reached XP level 3. HP: 18/35 MP: 0/6
   627 | D:2      | Learned a level 3 spell: Conjure Flame
   823 | D:2      | Reached skill level 1 in Conjurations
   897 | D:2      | Reached skill level 1 in Maces & Flails
   897 | D:2      | Reached XP level 4. HP: 25/42 MP: 6/8
  1026 | D:3      | Found a bloodstained altar of Trog.
  1026 | D:3      | Noticed an eye of draining
  1027 | D:3      | Noticed Natasha
  1119 | D:3      | Noticed an eye of draining
  1129 | D:3      | Killed Natasha
  1129 | D:3      | Reached skill level 3 in Spellcasting
  1152 | D:3      | Killed an eye of draining
  1152 | D:3      | Reached XP level 5. HP: 21/53 MP: 1/11
  1176 | D:3      | Killed an eye of draining
  1176 | D:3      | Reached XP level 6. HP: 28/61 MP: 2/13
  1214 | D:3      | Learned a level 4 spell: Sticky Flame
  1395 | D:3      | Noticed Natasha
  1423 | D:3      | Killed Natasha
  1689 | D:3      | Noticed Crazy Yiuf
  1693 | D:3      | Killed Crazy Yiuf
  1806 | D:4      | Reached XP level 7. HP: 59/68 MP: 4/15
  1912 | D:4      | Reached skill level 1 in Throwing
  2083 | D:4      | Found a sacrificial altar of Ru.
  2083 | D:4      | Found a deep blue altar of Sif Muna.
  2084 | D:4      | Found a blossoming altar of Fedhas.
  2133 | D:4      | Found a stormy altar of Qazlal.
  2183 | D:4      | Found Waugadgh's Antique Armour Shoppe.
  2211 | D:4      | Found a staircase to the Ecumenical Temple.
  2351 | Temple   | Entered the Ecumenical Temple
  2596 | Temple   | Became a worshipper of Warmaster Okawaru
  2736 | D:5      | Entered Level 5 of the Dungeon
  2828 | D:5      | Reached skill level 4 in Fighting
  2970 | D:5      | Noticed droidenko's ghost (experienced MiFi)
  2985 | D:5      | Slain by droidenko's ghost

Action                   |  1- 3 |  4- 6 |  7- 9 || total
-------------------------+-------+-------+-------++-------
Melee: Unarmed           |    11 |       |       ||    11
       Dagger            |    38 |    98 |       ||   136
       Quarterstaff      |       |    11 |    96 ||   107
       Trident           |       |     1 |       ||     1
 Cast: Flame Tongue      |    45 |    62 |    16 ||   123
       Conjure Flame     |       |       |     2 ||     2
Evoke: Wand              |       |     5 |     5 ||    10
  Use: Scroll            |       |     3 |     2 ||     5
       Potion            |       |       |     5 ||     5
 Stab: Sleeping          |     1 |       |     1 ||     2
       Paralysed         |       |       |     2 ||     2
  Eat: Chunk             |       |     4 |     4 ||     8
